 Dungeon Crawl Stone Soup version 0.23.2-1-ga50397a (webtiles) character file.

Game seed: 11119152509194022699

124 MaxwellSilver the Chopper (level 5, 0/47 HPs)
             Began as a Gnoll Berserker on May 22, 2019.
             Was a Believer of Trog.
             Slain by Ijyb
             ... wielding a +6 club
              (4 damage)
             ... on level 3 of the Dungeon.
             The game lasted 00:04:07 (1901 turns).

MaxwellSilver the Chopper (Gnoll Berserker)         Turns: 1901, Time: 00:04:08

Health: 0/47       AC: 12    Str: 18 (21) XL:     5   Next: 8%
Magic:  6/6        EV:  6    Int: 13 (14) God:    Trog [**....]
Gold:   116        SH: 10    Dex: 13 (14) Spells: 6/6 levels left

rFire    . . .     SeeInvis .   a - +0 hand axe
rCold    . . .     Gourm    .   o - +2 shield {rPois}
rNeg     . . .     Faith    .   d - +0 chain mail
rPois    +         Spirit   .   (no helmet)
rElec    .         Reflect  .   (no cloak)
rCorr    .         Harm     .   (no gloves)
MR       ++...                  r - +2 pair of boots {Stlth+}
Stlth    ..........             (no amulet)
HPRegen  1.15/turn              (no ring)
MPRegen  0.10/turn              (no ring)

@: brilliant, berserk cooldown, regenerating, hasted and slowed
A: distributed training, fangs 1, strong nose
a: Berserk, Trog's Hand, Renounce Religion


You were on level 3 of the Dungeon.
You worshipped Trog.
Trog was pleased with you.
You were very hungry.

You visited 1 branch of the dungeon, and saw 3 of its levels.

You collected 116 gold pieces.

Inventory:

Hand Weapons
 a - a +0 hand axe (weapon)
Armour
 d - a +0 chain mail (worn)
 o - a +2 shield of poison resistance (worn)
 r - a +2 pair of boots of stealth (worn)
Jewellery
 n - an uncursed amulet of faith {unknown}
Scrolls
 e - a scroll of fear {unknown}
 g - 2 scrolls of amnesia {unknown}
 h - 3 scrolls of enchant weapon {unknown}
 i - 2 scrolls of identify {unknown}
 j - 2 scrolls of blinking {unknown}
 l - a scroll of fog {unknown}
Potions
 f - 2 potions of resistance
Comestibles
 c - 7 rations


   Skills:
 + Level 6.6 Fighting
 + Level 1.3 Short Blades
 + Level 1.3 Long Blades
 + Level 6.6 Axes
 + Level 1.3 Maces & Flails
 + Level 1.3 Polearms
 + Level 1.3 Staves
 + Level 1.3 Slings
 + Level 1.3 Bows
 + Level 1.3 Crossbows
 + Level 1.3 Throwing
 + Level 4.7 Armour
 + Level 4.7 Dodging
 + Level 1.3 Stealth
 + Level 1.3 Shields
 + Level 1.3 Unarmed Combat
 + Level 1.3 Spellcasting
 + Level 1.0 Conjurations
 + Level 1.0 Hexes
 + Level 1.0 Charms
 + Level 1.0 Summonings
 + Level 1.0 Necromancy
 + Level 1.0 Translocations
 + Level 1.0 Transmutations
 + Level 1.0 Fire Magic
 + Level 1.0 Ice Magic
 + Level 1.0 Air Magic
 + Level 1.0 Earth Magic
 + Level 1.0 Poison Magic
 + Level 1.4 Invocations
 + Level 1.3 Evocations


You had 6 spell levels left.
You didn't know any spells.
Your spell library was empty.

Dungeon Overview and Level Annotations

Branches:
Dungeon (3/15)

Altars:
Hepliaklqana
Nemelex Xobeh
Okawaru
Uskayaw

Annotations:
D:3 Ijyb


Innate Abilities, Weirdness & Mutations

Your experience applies equally to all skills.
You have very sharp teeth.
Your uncanny sense of smell can sniff out nearby items.


Message History

* * * LOW HITPOINT WARNING * * *
Ijyb hits you with a +6 club.
* * * LOW HITPOINT WARNING * * *
It was a potion of haste.
You feel yourself speed up. Ijyb hits you but does no damage.
You barely miss Ijyb. You bite Ijyb, but do no damage.
Ijyb is severely wounded.
Ijyb is no longer unusually agile.
Ijyb hits you but does no damage.
It was a potion of degeneration.
There was something very wrong with that liquid.
You feel weakened.
You feel dopey.
You feel clumsy. Ijyb hits you with a +6 club.
* * * LOW HITPOINT WARNING * * *
Your skin crawls.
You feel resistant to hostile enchantments.
You feel somewhat more hungry. Ijyb hits you but does no damage.
You hit Ijyb.
Ijyb is almost dead.
Ijyb hits you with a +6 club.
You die...

#+# #.# #.# #....# #.#
#.# #....# # # ##.## #.#
#....# ## ##. #...#
#.####.#.# ##.
#...#...###........###..
.....................+..
#.......#######...####..
#..##.#.# ###.## ##. #.#
#.#@## #..^# ## #.
#.#g.# #.### # #..[..#
#.# # ........# #.# #
.......8..# #.# #
..........# #.# ##
.......8..# #.# #.
..!)%.....# #.########.
..._...8..# #.....รท....


You could see Ijyb.

Vanquished Creatures
  2 orc wizards (D:3)
  2 adders (D:2)
  3 worms
  4 orcs (D:3)
  A giant cockroach (D:1)
  5 hobgoblins
  A jackal (D:3)
  7 kobolds
  A quokka (D:3)
  A ball python (D:3)
  6 bats
  5 frilled lizards
  3 goblins (D:2)
  8 rats
49 creatures vanquished.

Notes
Turn   | Place    | Note
-------+----------+-------------------------------------------
     0 | D:1      | MaxwellSilver the Gnoll Berserker began the quest for the
                  | Orb.
     0 | D:1      | Reached XP level 1. HP: 23/23 MP: 1/1
   197 | D:1      | Found a sparkling altar of Nemelex Xobeh.
   332 | D:1      | Reached XP level 2. HP: 29/29 MP: 2/2
   727 | D:2      | Reached XP level 3. HP: 35/35 MP: 3/3
   768 | D:2      | Found a hazy altar of Hepliaklqana.
   795 | D:2      | Found an iron altar of Okawaru.
  1048 | D:2      | Reached skill level 1 in Invocations
  1361 | D:3      | Reached skill level 1 in Short Blades
  1361 | D:3      | Reached skill level 1 in Long Blades
  1361 | D:3      | Reached skill level 1 in Maces & Flails
  1361 | D:3      | Reached skill level 1 in Polearms
  1361 | D:3      | Reached skill level 1 in Staves
  1361 | D:3      | Reached skill level 1 in Slings
  1361 | D:3      | Reached skill level 1 in Bows
  1361 | D:3      | Reached skill level 1 in Crossbows
  1361 | D:3      | Reached skill level 1 in Throwing
  1361 | D:3      | Reached skill level 1 in Stealth
  1361 | D:3      | Reached skill level 1 in Shields
  1361 | D:3      | Reached skill level 1 in Unarmed Combat
  1361 | D:3      | Reached skill level 1 in Spellcasting
  1361 | D:3      | Reached skill level 1 in Evocations
  1368 | D:3      | Reached XP level 4. HP: 39/41 MP: 5/5
  1374 | D:3      | Reached skill level 1 in Conjurations
  1374 | D:3      | Reached skill level 1 in Hexes
  1374 | D:3      | Reached skill level 1 in Charms
  1374 | D:3      | Reached skill level 1 in Summonings
  1374 | D:3      | Reached skill level 1 in Necromancy
  1374 | D:3      | Reached skill level 1 in Translocations
  1374 | D:3      | Reached skill level 1 in Transmutations
  1374 | D:3      | Reached skill level 1 in Fire Magic
  1374 | D:3      | Reached skill level 1 in Ice Magic
  1374 | D:3      | Reached skill level 1 in Air Magic
  1374 | D:3      | Reached skill level 1 in Earth Magic
  1374 | D:3      | Reached skill level 1 in Poison Magic
  1600 | D:3      | Reached ** piety under Trog
  1612 | D:3      | Reached XP level 5. HP: 47/47 MP: 6/6
  1869 | D:3      | Noticed Ijyb
  1870 | D:3      | Found a hide-covered altar of Uskayaw.
  1896 | D:3      | HP: 2/47 [Ijyb/+6 club (4)]
  1901 | D:3      | Slain by Ijyb

Skill      XL: |  1  2  3  4 |
---------------+-------------+-----
Invocations    | 1 |  1.4
Short Blades   | 1 |  1.3
Long Blades    | 1 |  1.3
Maces & Flails | 1 |  1.3
Polearms       | 1 |  1.3
Staves         | 1 |  1.3
Slings         | 1 |  1.3
Bows           | 1 |  1.3
Crossbows      | 1 |  1.3
Throwing       | 1 |  1.3
Stealth        | 1 |  1.3
Shields        | 1 |  1.3
Unarmed Combat | 1 |  1.3
Spellcasting   | 1 |  1.3
Evocations     | 1 |  1.3
Conjurations   | 1 |  1.0
Hexes          | 1 |  1.0
Charms         | 1 |  1.0
Summonings     | 1 |  1.0
Necromancy     | 1 |  1.0
Translocations | 1 |  1.0
Transmutations | 1 |  1.0
Fire Magic     | 1 |  1.0
Ice Magic      | 1 |  1.0
Air Magic      | 1 |  1.0
Earth Magic    | 1 |  1.0
Poison Magic   | 1 |  1.0
Fighting       | |  6.6
Axes           | |  6.6
Armour         | |  4.7
Dodging        | |  4.7

Action                   |  1- 3 |  4- 6 || total
-------------------------+-------+-------++-------
Melee: Hand axe          |    93 |    66 ||   159
       Bite              |    10 |     7 ||    17
Invok: Berserk           |       |     1 ||     1
       Trog's Hand       |       |     1 ||     1
  Use: Potion            |       |     3 ||     3
  Eat: Chunk             |       |     3 ||     3
Armor: Chain mail        |    33 |    33 ||    66
Dodge: Dodged            |    32 |    14 ||    46
Block: Shield            |     2 |    25 ||    27
